 Dungeon Crawl Stone Soup version 0.29.1-15-g9cfb28693d (webtiles) character file.

Game seed: 13595305674053431012

94 Peloso the Shield-Bearer (level 4, -2/40 HPs)
             Began as a Minotaur Fighter on Apr 2, 2023.
             Slain by a shadow imp (5 damage)
             ... summoned by Natasha
             ... on level 2 of the Dungeon.
             The game lasted 00:01:47 (1189 turns).

Peloso the Shield-Bearer (Minotaur Fighter)         Turns: 1189, Time: 00:01:48

Health: -2/40      AC:  7    Str: 24    XL:     4   Next: 38%
Magic:  3/3        EV:  9    Int:  4    God:
Gold:   83         SH:  5    Dex: 11    Spells: 3/3 levels left

rFire   . . .      SeeInvis .   a - +0 long sword
rCold   . . .      Faith    .   c - +0 buckler
rNeg    . . .      Spirit   .   b - +0 scale mail
rPois   .          Reflect  .   (helmet restricted)
rElec   .          Harm     .   (no cloak)
rCorr   .          Rampage  .   (no gloves)
Will    .....                   (no boots)
Stlth   ..........              (no amulet)
HPRegen 0.13/turn               (no ring)
MPRegen 0.08/turn               (no ring)

@: no status effects
A: horns 2, retaliatory headbutt, strong 1
a: no special abilities


You were on level 2 of the Dungeon.
You visited 1 branch of the dungeon, and saw 2 of its levels.

You collected 83 gold pieces.

Inventory:

Hand Weapons
 a - a +0 long sword (weapon)
Armour
 b - a +0 scale mail (worn)
 c - a +0 buckler (worn)
Scrolls
 e - a scroll of noise {unknown}
Potions
 d - a potion of might


   Skills:
 + Level 4.1 Fighting
 + Level 3.3 Long Blades
 + Level 4.5 Armour
 + Level 0.5 Dodging
 + Level 4.6 Shields


You had 3 spell levels left.
You didn't know any spells.
Your spell library contained the following spells:

 Spells                   Type           Power      Damage    Failure   Level
 Iskenderun's Battlesphe  Conj           0%         2d6       100%        5
 Iron Shot                Conj/Erth      0%         9d1       100%        6
 Spellforged Servitor     Conj/Summ      0%         N/A       100%        7


Dungeon Overview and Level Annotations

Branches:
Dungeon (2/15)

Altars:
Fedhas

Shops:
D:1 [

Annotations:
D:2 Natasha


Innate Abilities, Weirdness & Mutations

You have a pair of horns on your head.
You reflexively headbutt those who attack you in melee.
Your muscles are strong. (Str +4, Int/Dex -1)


Message History

Natasha closely misses you. You furiously retaliate!
You headbutt Natasha!
You kill Natasha!
Natasha screams in fury as she dies!
The white imp disappears in a puff of smoke!
The crimson imp disappears in a puff of smoke! x2
You see here the felid corpse of Natasha.
Natasha, Servant of Life and Death comes into view.
Natasha is nearby!
Natasha is nearby!
Natasha mumbles some strange words.
Natasha claws you.
You slash Natasha!
Natasha is heavily wounded.
You block Natasha's attack. Natasha claws you but does no damage.
You barely miss Natasha.
Natasha is heavily wounded.
The shadow imp gestures at you. Pain shoots through your body!
* * * LOW HITPOINT WARNING * * *
Natasha wildly gestures.
Natasha's front paws start to glow.
Natasha barely misses you. You furiously retaliate!
You headbutt Natasha. You closely miss Natasha. Your headbutt misses Natasha.
Natasha is heavily wounded.
The shadow imp hits you.
* * * LOW HITPOINT WARNING * * *
Natasha stares at you and mumbles some strange words.
You resist with some effort.
Unknown command.
You hit Natasha.
Natasha is heavily wounded.
The shadow imp barely misses you.
Natasha mumbles some strange words.
You block the shadow imp's attack.
You hit Natasha.
Natasha is almost dead.
Natasha claws you.
* * * LOW HITPOINT WARNING * * *
The shadow imp hits you.
You die...

#.. .._...# ...###......[...
######### .......#.)..$.#
........# #..............
........# #..#..?.....# ###.....#
###.5.........# #...#
###.....####....#........# #....
...............5h........# #....
...###..).......@........####....
...##............................
................#................
...###..........#............>...
...# #...................)##.#...
#### #...........#.†#####......#.
#### #...........#.....##.##.###.
...###.............###....##.# ##
##..#####.######..####..#.#..# #


You could see Natasha and 2 shadow imps.

Vanquished Creatures
  Natasha (twice) (D:2)
  3 dart slugs
  3 endoplasms
  A giant cockroach (D:1)
  3 goblins (D:1)
  3 hobgoblins
  4 jackals (D:1)
  A kobold (D:1)
  2 quokkas
  2 ball pythons
  4 bats
  4 frilled lizards (D:1)
  6 rats
38 creatures vanquished.

Notes
Turn   | Place    | Note
-------+----------+-------------------------------------------
     0 | D:1      | Peloso the Minotaur Fighter began the quest for the Orb.
     0 | D:1      | Reached XP level 1. HP: 19/19 MP: 0/0
    94 | D:1      | Reached XP level 2. HP: 22/27 MP: 1/1
   174 | D:1      | Found a faded altar of an unknown god.
   466 | D:1      | Reached XP level 3. HP: 32/33 MP: 2/2
   571 | D:1      | Found Ypraloy's Antique Armour Shop.
  1035 | D:2      | Gained mutation: Your muscles are strong. (Str +4, Int/Dex
                  | -1) [potion of mutation]
  1115 | D:2      | Noticed Natasha
  1119 | D:2      | Killed Natasha
  1145 | D:2      | Noticed Natasha
  1147 | D:2      | Found a blossoming altar of Fedhas.
  1156 | D:2      | Reached XP level 4. HP: 40/40 MP: 3/3
  1163 | D:2      | Killed Natasha
  1180 | D:2      | Noticed Natasha
  1189 | D:2      | Slain by a shadow imp

Illustrated notes

Levels and vault maps discovered:
D:1:      dpeg_arrival_short_road, layout_rooms, shapermc_ecumenical_altar_venn,
          serial_shops, nicolae_shop_trees, chequers_serial_rivers_micro_b,
          minmay_fountain_box, minmay_lizard_pond
D:2:      layout_rooms, basic_altar, uniq_natasha, uniq_crazy_yiuf_cottage

Skill      XL: |  1  2  3 |
---------------+----------+-----
Shields        | 4 |  4.6
Armour         | 4 |  4.5
Fighting       | 4 |  4.1
Long Blades    | 3 |  3.3
Dodging        | |  0.5

Action                   |  1- 3 |  4- 6 || total
-------------------------+-------+-------++-------
Melee: Long sword        |    79 |    12 ||    91
       Headbutt          |    12 |     1 ||    13
  Use: Potion            |     4 |       ||     4
Armor: Scale mail        |    59 |     4 ||    63
Dodge: Dodged            |    49 |     8 ||    57
Block: Buckler           |    31 |     3 ||    34
